 Dungeon Crawl Stone Soup version 0.30-a0-377-g5cb311bc9f (webtiles) character file.

Game seed: 18178763036793740400

219 qeuew the Ruffian (level 5, -1/53 HPs)
             Began as a Troll Fighter on Nov 28, 2022.
             Slain by Duvessa
             ... wielding a +0 short sword
              (4 damage)
             ... on level 4 of the Dungeon.
             The game lasted 00:02:52 (1427 turns).

qeuew the Ruffian (Troll Fighter)                   Turns: 1427, Time: 00:02:52

Health: -1/53      AC:  4    Str: 24      XL:     5   Next: 64%
Magic:  0/4        EV:  8    Int:  4      God:
Gold:   71         SH:  7    Dex:  8 (11) Spells: 4/4 levels left

rFire   . . .      SeeInvis .      - Unarmed
rCold   . . .      Faith    .    b - +0 kite shield
rNeg    . . .      Spirit   +    a - +0 robe
rPois   .          Reflect  .    (helmet restricted)
rElec   .          Harm     .    (no cloak)
rCorr   .          Rampage  .    (gloves unavailable)
Will    .....                    (boots unavailable)
Stlth   +.........               h - amulet of guardian spirit
HPRegen 1.08/turn                (no ring)
MPRegen 0.09/turn                (no ring)

@: hasted, very quick
A: large, unfitting armour, claws 3, regeneration 1, shaggy fur 1, tough skin 1
a: no special abilities


You were on level 4 of the Dungeon.
You visited 1 branch of the dungeon, and saw 3 of its levels.

You collected 71 gold pieces.

Inventory:

Armour
 a - a +0 robe (worn)
 b - a +0 kite shield (worn)
Jewellery
 h - an amulet of guardian spirit (around neck)
Scrolls
 f - a scroll of identify
 i - a scroll of amnesia {unknown}
Potions
 c - a potion of might
 d - 2 potions of brilliance {unknown}
 e - a potion of haste
 g - a potion of heal wounds {unknown}


   Skills:
 + Level 3.2 Fighting
 + Level 3.2 Dodging
 + Level 3.5 Shields
 * Level 4.0 Unarmed Combat


You had 4 spell levels left.
You didn't know any spells.
Your spell library contained the following spells:

 Spells                   Type           Power      Damage    Failure   Level
 Blink                    Tloc           0%         N/A       90%         2
 Manifold Assault         Tloc           0%         N/A       100%        4
 Storm Form               Tmut/Air       0%         N/A       100%        7


Dungeon Overview and Level Annotations

Branches:
Dungeon (2/15)

Altars:

Shops:
D:1 *

Annotations:
D:4 Dowan, Duvessa


Innate Abilities, Weirdness & Mutations

You are too large for most types of armour.
You have claws for hands.
Your natural rate of healing is unusually fast.
You are covered in fur. (AC +1)
You have tough skin. (AC +1)


Message History

You feel sick.
You are no longer poisoned.
You block the adder's attack. The endoplasm barely misses you.
The hobgoblin barely misses you. The adder bites you.
Unknown command.
You scratch the adder.
You kill the adder!
You block the endoplasm's attack. The hobgoblin hits you.
* * * LOW HITPOINT WARNING * * *
Unknown command.
You claw the endoplasm!
You kill the endoplasm!
The hobgoblin hits you.
* * * LOW HITPOINT WARNING * * *
Dowan gestures wildly while chanting.
Dowan blinks!
Okay, then.
The hobgoblin attacks as you move away!
The hobgoblin hits you but does no damage.
Duvessa zaps a wand.
You resist with some effort. The hobgoblin attacks as you move away!
The hobgoblin hits you but does no damage.
The hobgoblin attacks as you move away! You block the hobgoblin's attack.
The hobgoblin attacks as you move away! You block the hobgoblin's attack.
Duvessa zaps a wand.
You resist with some effort. The hobgoblin attacks as you move away!
The hobgoblin hits you. Duvessa hits you with a +0 short sword.
* * * LOW HITPOINT WARNING * * *
The hobgoblin attacks as you move away! You block the hobgoblin's attack.
Duvessa hits you with a +0 short sword.
* * * LOW HITPOINT WARNING * * *
The hobgoblin attacks as you move away! The hobgoblin closely misses you.
Dowan casts a spell at you. The puff of frost hits you!
* * * LOW HITPOINT WARNING * * *
Duvessa hits you with a +0 short sword.
* * * LOW HITPOINT WARNING * * *
You feel yourself speed up. The hobgoblin misses you.
Duvessa hits you with a +0 short sword.
You die...

#. ## ....### ####.
.... ##...##..#
#.......#
####......# .
###......e@.#....
#........g......#
#....##........##
##...##............
##.##.#.............
#.....e.............
##.)........>.......
##.#####...>.......w
#.#####..##..#.....


You could see Duvessa, Dowan and a hobgoblin.

Vanquished Creatures
  Eustachio (D:4)
  2 adders
  5 bats (D:1)
  6 endoplasms
  3 giant cockroaches (D:1)
  5 goblins
  6 hobgoblins
  6 jackals
  3 quokkas
  3 ball pythons
  3 frilled lizards (D:1)
  9 kobolds
  4 rats
56 creatures vanquished.

Notes
Turn   | Place    | Note
-------+----------+-------------------------------------------
     0 | D:1      | qeuew the Troll Fighter began the quest for the Orb.
     0 | D:1      | Reached XP level 1. HP: 22/22 MP: 0/0
   126 | D:1      | Reached XP level 2. HP: 29/29 MP: 1/1
   162 | D:1      | Found Ziskem's Assorted Antiques.
   270 | D:1      | Found a faded altar of an unknown god.
   607 | D:1      | Reached XP level 3. HP: 34/36 MP: 2/2
  1001 | D:2      | Identified the +6 spear "Plojy" {vorpal, rPois rC+ Will+}
  1307 | D:2      | Reached skill level 3 in Unarmed Combat
  1353 | D:2      | You fall into a shaft and drop 2 floors!
  1354 | D:4      | Noticed Dowan
  1356 | D:4      | Noticed Duvessa
  1369 | D:4      | Reached XP level 4. HP: 40/44 MP: 3/3
  1392 | D:4      | Noticed Eustachio
  1400 | D:4      | Killed Eustachio
  1401 | D:4      | Reached skill level 4 in Unarmed Combat
  1401 | D:4      | Reached XP level 5. HP: 29/53 MP: 1/4
  1426 | D:4      | HP: 2/53 [Duvessa/+0 short sword (3)]
  1427 | D:4      | Slain by Duvessa

Illustrated notes

Levels and vault maps discovered:
D:1:      dpeg_arrival_solitude, layout_loops_corners, serial_shops,
          nicolae_square_shop, ebering_ecumenical_altar_webs,
          ebering_dispersal_statue_hall
D:2:      layout_loops_ring, minivault_27
D:4:      layout_cave_pools, nicolae_shop_firing_range, uniq_duvessa,
          uniq_eustachio

Skill      XL: |  1  2  3  4 |
---------------+-------------+-----
Shields        | 3 |  3.5
Unarmed Combat | 3 4 |  4.0
Fighting       | 3 |  3.2
Dodging        | 3 |  3.2

Action                   |  1- 3 |  4- 6 || total
-------------------------+-------+-------++-------
Melee: Unarmed           |   140 |    32 ||   172
  Use: Potion            |     3 |     1 ||     4
       Scroll            |     2 |       ||     2
Armor: Robe              |    70 |    18 ||    88
Dodge: Dodged            |    64 |    35 ||    99
Block: Kite shield       |    68 |    30 ||    98

Table legend: (Time is in decaauts)
 A = Elapsed time spent in this place.
 B = Non-inter-level travel time spent in this place.
 C = Inter-level travel time spent in this place.
 D = Time resting spent in this place.
 E = Time spent auto-exploring this place.
 F = Levels seen in this place.
 G = Mean time per level.
                   A        B        C        D        E       F      G
               +--------+--------+--------+--------+--------+-----+--------+
         Total |   1440 |   1410 |     30 |      0 |   1010 |   3 |  480.0 |
       Dungeon |   1440 |   1410 |     30 |      0 |   1010 |   3 |  480.0 |
               +--------+--------+--------+--------+--------+-----+--------+

Top non-repeatable levels by time:
     D:1: 864 daAuts
     D:2: 500 daAuts
     D:4: 76 daAuts
